 Dungeon Crawl Stone Soup version 0.29.1-15-g9cfb28693d (webtiles) character file.

Game seed: 11564676530725348748

6 comborobin the Sneak (level 1, -3/19 HPs)
             Began as a Draconian Delver on Dec 28, 2023.
             Succumbed to a gnoll's poison
             ... on level 4 of the Dungeon.
             The game lasted 00:00:44 (358 turns).

comborobin the Sneak (Draconian Delver)              Turns: 358, Time: 00:00:44

Health: -3/19      AC:  4    Str: 14    XL:     1   Next: 75%
Magic:  1/1        EV: 12    Int: 10    God:
Gold:   0          SH:  0    Dex: 12    Spells: 0/0 levels left

rFire   . . .      SeeInvis .     - Unarmed
rCold   . . .      Faith    .   (no shield)
rNeg    . . .      Spirit   .   (body armour unavailable)
rPois   .          Reflect  .   (helmet restricted)
rElec   .          Harm     .   (no cloak)
rCorr   .          Rampage  .   (no gloves)
Will    .....                   (no boots)
Stlth   +++.......              (no amulet)
HPRegen 0.06/turn               (no ring)
MPRegen 0.07/turn               (no ring)

@: lethally poisoned (-3 -> -21)
A: AC +4, unfitting armour, cold-blooded
a: no special abilities


You were on level 4 of the Dungeon.
You visited 1 branch of the dungeon, and saw 3 of its levels.

Inventory:

Wands
 e - a wand of digging (2)
Scrolls
 a - a scroll of fog
 b - a scroll of magic mapping
 c - a scroll of fear
Potions
 d - a potion of haste


   Skills:
 - Level 3.2 Fighting
 - Level 1.7 Dodging
 - Level 4.5 Stealth
 + Level 2.6 Unarmed Combat


You couldn't memorise any spells.
You didn't know any spells.
Your spell library was empty.

Dungeon Overview and Level Annotations

Branches:
Dungeon (6/15)
 Temple: D:4-7

Altars:
Gozag
The Shining One

Shops:
D:5 (


Innate Abilities, Weirdness & Mutations

Your plain brown scales are hard. (AC +4)
You cannot fit into any form of body armour.
You are cold-blooded and may be slowed by cold attacks.


Message History

The goblin zombie hits you but does no damage.
The hobgoblin zombie barely misses you.
The crimson imp shouts!
You hit the crimson imp.
Your tail-slap misses the crimson imp.
The crimson imp is lightly wounded.
The gnoll shouts!
You hear a shout! x2
The orc zombie barely misses you.
A gnoll comes into view. It is wielding a +0 spear of venom.
The crimson imp hits you.
You hear a shout!
A gnoll bouda comes into view. It is wielding a +0 club.
The gnoll bouda shouts!
The goblin zombie hits you but does no damage.
The goblin skeleton hits you but does no damage.
The crimson imp hits you.
The gnoll bouda barks out a call to the hunt!
The gnolls pick up the pace!
You see here 18 gold pieces.
A gnoll comes into view. It is wielding a +0 halberd.
The gnoll shouts!
The goblin skeleton barely misses you. The kobold zombie closely misses you.
The hobgoblin zombie hits you.
The kobold zombie hits you but does no damage.
Okay, then.
Okay, then.
Aiming: Dig
Press: ? - help, Shift-Dir - straight line A rock wall.
The rock shatters into small pieces.
The gnoll hits you from afar with a +0 spear of venom.
You are poisoned.
Unknown command.
You feel sick.
You feel sick.
The gnoll hits you from afar with a +0 spear of venom!
* * * LOW HITPOINT WARNING * * *
You are more poisoned.
Okay, then.
Okay, then.
You die...

##### ###.#.## #.....#.#
##........# # #...#..###.# #
##.###.## #.## # ##..##..### #@##
###...##....# ##.###############
.#.........## ##.#.............
............#######g.....Z.......
.......##......#..#....###.##.#..
####...##.#....#......####.ZZ.#
..#......##...........##.Z..g##
......................##.5Z.Z#...
..........#............+.._..g...


You could see a gnoll (swift).

Vanquished Creatures
  An orc (D:4)
  An endoplasm (D:4)
  A goblin (D:4)
  2 hobgoblin zombies (D:4)
5 creatures vanquished.

Vanquished Creatures (others)
  4 fungi (D:4)
  A plant (D:4)
  3 toadstools (D:4)
8 creatures vanquished.

Grand Total: 13 creatures vanquished

Notes
Turn   | Place    | Note
-------+----------+-------------------------------------------
     0 | D:5      | comborobin the Draconian Delver began the quest for the
                  | Orb.
     0 | D:5      | Reached XP level 1. HP: 19/19 MP: 1/1
     4 | D:5      | Found Dywonade's Antique Weapon Shop.
    10 | D:5      | Noticed an orc wizard
    10 | D:5      | Noticed a water moccasin
    23 | D:5      | Noticed an orc priest
    26 | D:5      | Found an opulent altar of Gozag.
    37 | D:5      | Noticed a hound
   339 | D:4      | Found a glowing golden altar of the Shining One.
   339 | D:4      | Noticed a crimson imp
   344 | D:4      | Noticed a gnoll bouda
   358 | D:4      | Succumbed to a gnoll's poison

Illustrated notes

Levels and vault maps discovered:
D:4:      minmay_bubble_buster, layout_cave_pools, nicolae_tso_besieged_by_evil,
          serial_shops, kennysheep_mini_moat, shop_scrolls, shop,
          nicolae_shop_hallway_stairs, shop_fountains, serial_park,
          serial_park_square3 [serial_park_minivault_5x5_5], serial_park_square3
          [serial_park_minivault_5x5_7], serial_park_tiny_pond,
          serial_park_tiny_1, minmay_gold_behind_fungi, grunt_ministairs_8,
          chequers_serial_rivers_small_b
D:5:      layout_basic, amcnicky_altar_gilded, nicolae_ashenzari_skybound,
          serial_shops, kennysheep_mini, shop, enter_ossuary_4,
          uniq_crazy_yiuf_cottage
D:6:      layout_basic, lemuel_round_altar, kennysheep_generic_room_2,
          uniq_edmund, uniq_duvessa

Action                   || total
-------------------------++-------
Melee: Unarmed           ||    17
       Tailslap          ||     5
Evoke: Wand              ||     1
  Use: Scroll            ||     1
 Stab: Sleeping          ||     2
Armor: Skin              ||    10
Dodge: Dodged            ||    11
